 Dungeon Crawl Stone Soup version 0.30-a0-55-g90e3122c3a (webtiles) character file.

Game seed: 9946846430771647805

657 jlumianski the Chopper (level 7, -17/55 HPs)
             Began as a Demonspawn Fighter on Sept 9, 2022.
             Was an Initiate of Qazlal.
             Killed from afar by a hell hound (20 damage)
             ... with a blast of flame
             ... on level 1 of the Abyss.
             The game lasted 00:12:51 (3851 turns).

jlumianski the Chopper (Demonspawn Fighter)         Turns: 3851, Time: 00:12:52

Health: -17/55     AC:  9    Str: 18    XL:     7   Next: 29%
Magic:  7/7        EV: 11    Int: 10    God:    Qazlal [......]
Gold:   105        SH:  4    Dex: 12    Spells: 6/6 levels left

rFire   . . .      SeeInvis .    h - +3 hand axe (elec)
rCold   . . .      Faith    .    c - +0 buckler
rNeg    . . .      Spirit   .    r - +0 chain mail
rPois   .          Reflect  .    (no helmet)
rElec   .          Harm     .    (no cloak)
rCorr   .          Rampage  .    (no gloves)
Will    .....                    (no boots)
Stlth   ..........               (no amulet)
HPRegen 0.18/turn                e - +4 ring of evasion
MPRegen 0.20/turn                (no ring)

@: no status effects
A: demonic guardian 1, magic regeneration, demonic touch 1
a: Renounce Religion


You were on level 1 of the Abyss.
You worshipped Qazlal.
Qazlal was noncommittal.
You visited 2 branches of the dungeon, and saw 6 of its levels.
You visited the Abyss 1 time.

You collected 105 gold pieces.

Inventory:

Hand Weapons
 a - a +0 war axe
 h - a +3 hand axe of electrocution (weapon)
Missiles
 g - 46 stones (quivered)
 k - 2 atropa-tipped darts
Armour
 b - a +0 scale mail
 c - a +0 buckler (worn)
 r - a +0 chain mail (worn)
Jewellery
 e - a +4 ring of evasion (left hand)
Scrolls
 f - a scroll of amnesia
 n - 2 scrolls of magic mapping
 o - 3 scrolls of teleportation
 q - a scroll of noise {unknown}
 s - a scroll of butterflies {unknown}
 t - 2 scrolls of torment {unknown}
 u - a scroll of identify
 v - a scroll of blinking
Potions
 d - a potion of might
 i - a potion of berserk rage
 j - 3 potions of curing
 l - a potion of flight {unknown}
 m - a potion of haste {unknown}
 p - a potion of heal wounds {unknown}


   Skills:
 + Level 4.4 Fighting
 + Level 5.1 Axes
 + Level 4.2 Armour
 + Level 1.5 Dodging
 + Level 0.6 Stealth
 + Level 3.4 Shields


You had 6 spell levels left.
You didn't know any spells.
Your spell library contained the following spells:

 Spells                   Type           Power      Damage    Failure   Level
 Magic Dart               Conj           0%         1d3       99%         1
 Call Imp                 Summ           0%         N/A       100%        2
 Mephitic Cloud           Conj/Pois/Air  0%         N/A       100%        3
 Tukima's Dance           Hex            0%         N/A       100%        3
 Passage of Golubria      Tloc           0%         N/A       100%        4
 Yara's Violent Unravell  Hex/Tmut       0%         3d3       100%        5


Dungeon Overview and Level Annotations

Branches:
Dungeon (5/15)             Temple (1/1) D:4

Altars:
Ashenzari
Cheibriados
Dithmenos
Gozag
Hepliaklqana
Makhleb
Nemelex Xobeh
Okawaru
Qazlal
Ru
Sif Muna
Trog
Vehumet
Wu Jian
Yredelemnul

Shops:
D:4 :

Annotations:
D:4 Crazy Yiuf


Innate Abilities, Weirdness & Mutations

A weak demonic guardian rushes to your aid.
You regenerate magic rapidly.
Your touch may inflict minor irresistible damage on your foes.


Message History

The ufetubus hits you but does no damage. x2
A hell hound comes into view.
The hell hound barks!
You hit the ufetubus. Lightning courses through the ufetubus!
You kill the ufetubus!
Qazlal accepts your kill.
You hear a bark!
A hell hound comes into view.
The hell hound breathes flames at you. The blast of flame hits you.
The hell hound breathes flames at you. The blast of flame hits you!
You barely miss the hell hound. The hell hound bites you!
* * * LOW HITPOINT WARNING * * *
You hit the hell hound but do no damage.
The hell hound bites you.
* * * LOW HITPOINT WARNING * * *
The hell hound barely misses you.
You closely miss the hell hound. The hell hound breathes flames at you.
The blast of flame hits you!
* * * LOW HITPOINT WARNING * * *
A demonic guardian appears!
The hell hound closely misses your shadow imp.
You miss the hell hound. The hell hound barely misses you.
The hell hound bites your shadow imp! The hell hound closely misses you.
The hell hound bites your shadow imp.
Your shadow imp closely misses the hell hound.
The rakshasa weaves an illusion.
The hell hound shimmers and seems to become two!
You closely miss the hell hound. The hell hound closely misses you.
The hell hound closely misses your shadow imp.
The hell hound bites your shadow imp.
Your shadow imp dies!
Your shadow imp disappears in a puff of smoke!
You block the hell hound's attack.
You barely miss the hell hound. You hit the hell hound.
The hell hound breathes flames at you. The blast of flame hits you!!
You die...

... ##... ##... #
..#.....#... .#.....
....................
............
........
....................
#.... #. ...#. ...
##...###...### ..
..#...>.#.....#.....
.......@.h..R.. ....
.......hh..........
...................
..#.....#.....# ...
. ##...###...### ..
#.... .....# ...
...... ....... ..
...... ........


You could see a rakshasa and 3 hell hounds.

Vanquished Creatures
  Sigmund (D:2)
  A yak (D:4)
  A phantom (D:4)
  A necrophage (D:4)
  A jelly (D:4)
  2 orc wizards (D:3)
  6 adders
  An ufetubus (Abyss:1)
  4 worms
  A dart slug (D:3)
  3 orcs (D:3)
  9 endoplasms
  4 giant cockroaches
  6 goblins
  10 hobgoblins
  3 jackals (D:1)
  3 kobolds
  4 quokkas
  8 ball pythons
  4 bats
  3 rats
76 creatures vanquished.

Notes
Turn   | Place    | Note
-------+----------+-------------------------------------------
     0 | D:1      | jlumianski the Demonspawn Fighter began the quest for the
                  | Orb.
     0 | D:1      | Reached XP level 1. HP: 18/18 MP: 1/1
   234 | D:1      | Reached skill level 2 in Axes
   234 | D:1      | Gained mutation: You regenerate magic rapidly. [demonic
                  | ancestry]
   234 | D:1      | Reached XP level 2. HP: 23/24 MP: 2/2
   963 | D:3      | Reached XP level 3. HP: 23/29 MP: 3/3
  1135 | D:2      | Found a faded altar of an unknown god.
  1180 | D:2      | Found a shadowy altar of Dithmenos.
  1538 | D:2      | Noticed Sigmund
  1542 | D:2      | Killed Sigmund
  1543 | D:2      | Reached skill level 3 in Axes
  1543 | D:2      | Reached skill level 1 in Dodging
  1543 | D:2      | Reached XP level 4. HP: 24/37 MP: 4/4
  1543 | D:2      | Gained mutation: A weak demonic guardian rushes to your
                  | aid. [demonic ancestry]
  1543 | D:2      | Reached XP level 5. HP: 27/42 MP: 5/5
  2239 | D:3      | Gained mutation: Your touch may inflict minor irresistible
                  | damage on your foes. [demonic ancestry]
  2239 | D:3      | Reached XP level 6. HP: 48/48 MP: 6/6
  2919 | D:4      | Reached skill level 4 in Axes
  3148 | D:5      | Entered Level 5 of the Dungeon
  3148 | D:5      | Noticed a yak
  3158 | D:4      | Killed a yak
  3159 | D:4      | Reached XP level 7. HP: 36/55 MP: 7/7
  3467 | D:4      | Reached skill level 5 in Axes
  3471 | D:4      | Found a staircase to the Ecumenical Temple.
  3492 | Temple   | Entered the Ecumenical Temple
  3564 | Temple   | Became a worshipper of Qazlal Stormbringer
  3629 | D:4      | Found Susiso's Self-Improvement Boutique.
  3680 | D:4      | Found a runed translucent door.
  3681 | D:4      | Noticed Crazy Yiuf
  3799 | Abyss:1  | Cast into level 1 of the Abyss (Crazy Yiuf)
  3848 | Abyss:1  | Noticed a rakshasa
  3848 | Abyss:1  | HP: 2/55 [hell hound/blast of flame (9)]
  3851 | Abyss:1  | Killed from afar by a hell hound

Illustrated notes

Levels and vault maps discovered:
D:1:      heliophobic_arrival_ceremonial_halls, layout_basic
D:2:      layout_basic, hellmonk_ecumenical_altar_slurped_away, basic_altar,
          uniq_sigmund
D:3:      layout_loops_ring, minmay_randomly_rotated_circles
D:4:      minmay_angry_zag, layout_cave_pools, minmay_temple_entry_junction_2,
          nicolae_shop_self_help, uniq_crazy_yiuf_cottage
D:5:      layout_loops_cross, fedhas_ov_isle_minmay, serial_shops, shop,
          kennysheep_nub, uniq_pikel
Temple:   compressed_dpeg_circular_temple
Abyss:1:  base:
D:1

Skill      XL: |  1  2  3  4  5  6  7 |
---------------+----------------------+-----
Axes           | 2 3 4 5 |  5.1
Shields        | 3 |  3.4
Armour         | 3 4 |  4.2
Fighting       | 4 |  4.4
Dodging        | 1 |  1.5
Stealth        | |  0.6

Action                   |  1- 3 |  4- 6 |  7- 9 || total
-------------------------+-------+-------+-------++-------
Melee: War axe           |    60 |       |       ||    60
       Hand axe          |    39 |    97 |    33 ||   169
  Use: Potion            |     1 |       |       ||     1
       Scroll            |       |    11 |       ||    11
 Stab: Sleeping          |       |     1 |       ||     1
Armor: Scale mail        |    50 |    19 |       ||    69
       Chain mail        |       |       |     8 ||     8
Dodge: Dodged            |    41 |    52 |    23 ||   116
Block: Buckler           |    24 |    18 |     7 ||    49

Table legend: (Time is in decaauts)
 A = Elapsed time spent in this place.
 B = Non-inter-level travel time spent in this place.
 C = Inter-level travel time spent in this place.
 D = Time resting spent in this place.
 E = Time spent auto-exploring this place.
 F = Levels seen in this place.
 G = Mean time per level.
                   A        B        C        D        E       F      G
               +--------+--------+--------+--------+--------+-----+--------+
         Total |   3903 |   3854 |     49 |    206 |   2448 |   7 |  557.6 |
       Dungeon |   3753 |   3704 |     49 |    206 |   2448 |   5 |  750.6 |
        Temple |     96 |     96 |      0 |      0 |      0 |   1 |   96.0 |
         Abyss |     52 |     52 |      0 |      0 |      0 |   1 |   52.0 |
               +--------+--------+--------+--------+--------+-----+--------+

Top non-repeatable levels by time:
     D:3: 1057 daAuts
     D:1: 917 daAuts
     D:2: 889 daAuts
     D:4: 888 daAuts
  Temple: 96 daAuts
 Abyss:1: 52 daAuts
     D:5: 1 daAuts
